 Dungeon Crawl Stone Soup version 0.20.1-1-g8b1a95d (webtiles) character file.

611 Hylith the Cudgeler (level 7, -8/61 HPs)
             Began as a Minotaur Berserker on Dec 26, 2017.
             Was a Priest of Trog.
             Mangled by an orc warrior
             ... wielding a +0 scimitar
              (20 damage)
             ... on level 4 of the Dungeon.
             The game lasted 00:06:51 (3330 turns).

Hylith the Cudgeler (Minotaur Berserker)            Turns: 3330, Time: 00:06:53

Health: -8/61      AC:  3    Str: 23    XL:     7   Next: 20%
Magic:  6/6        EV: 13    Int:  4    God:    Trog [***...]
Gold:   241        SH:  0    Dex: 10    Spells: 6/6 levels left

rFire    . . .     SeeInvis .   q - +0 scythe
rCold    . . .     Gourm    .   (shield currently unavailable)
rNeg     . . .     Faith    .   l - +0 leather armour
rPois    .         Spirit   .   (helmet restricted)
rElec    .         Reflect  .   (no cloak)
rCorr    .         Harm     .   (no gloves)
MR       .....                  (no boots)
Stlth    +.........             (no amulet)
Regen    0.2/turn               (no ring)
MPRegen  0.1/turn               (no ring)

@: no status effects
A: retaliatory headbutt, horns 2
a: Berserk, Trog's Hand, Burn Spellbooks, Renounce Religion


You were on level 4 of the Dungeon.
You worshipped Trog.
Trog was most pleased with you.
You were not hungry.

You visited 1 branch of the dungeon, and saw 4 of its levels.

You collected 241 gold pieces.

Inventory:

Hand Weapons
 a - a +0 mace
 q - a +0 scythe (weapon)
Armour
 l - a +0 leather armour (worn)
Jewellery
 v - an uncursed amulet of guardian spirit {unknown}
Wands
 s - a wand of polymorph (9/24)
Scrolls
 d - a scroll of immolation {unknown}
 e - 4 scrolls of remove curse {unknown}
 g - a scroll of teleportation {unknown}
 j - a scroll of fear {unknown}
 m - a scroll of fog {unknown}
 o - 2 scrolls of random uselessness {unknown}
 p - 4 scrolls of identify {unknown}
 w - a scroll of enchant weapon {unknown}
 x - a scroll of enchant armour {unknown}
Potions
 b - 4 potions of flight {unknown}
 f - a potion of curing {unknown}
 i - a potion of resistance {unknown}
 n - a potion of cancellation {unknown}
 t - 2 potions of mutation {unknown}
 u - a potion of ambrosia {unknown}
 z - a potion of heal wounds {unknown}
Comestibles
 c - 2 bread rations
 h - a fruit
 k - 4 royal jellies
 r - 2 meat rations


   Skills:
 * Level 5.5 Fighting
 - Level 6.1 Maces & Flails
 * Level 3.6 Polearms
 * Level 4.1 Armour
 * Level 4.3 Dodging


You had 6 spell levels left.
You didn't know any spells.

Dungeon Overview and Level Annotations

Branches:
Dungeon (4/15)
 Temple: D:4-7

Altars:
Hepliaklqana
Yredelemnul


Innate Abilities, Weirdness & Mutations

You reflexively headbutt those who attack you in melee.
You have a pair of horns on your head.


Message History

The orc shouts!
You slice the orc!!
You kill the orc!
Trog accepts your kill.
Your leather armour prevents you from hitting the orc warrior.
You headbutt the orc warrior, but do no damage.
The orc warrior hits you with a scimitar!
The orc hits you. The orc warrior barely misses you. The orc hits you.
You closely miss the orc warrior. The orc misses you.
The orc warrior closely misses you. The orc hits you.
An orc priest comes into view. It is wielding a flail.
You hit the orc warrior but do no damage.
The orc warrior hits you with a scimitar!!
The orc priest mumbles some strange prayers to Beogh against you.
Beogh smites you!
* * * LOW HITPOINT WARNING * * *
The orc hits you.
* * * LOW HITPOINT WARNING * * *
The orc warrior hits you with a scimitar!!
You die...

.## #...## #..# #.#
#..# .# #......
#..###.## #..# ##
#.......#
#...##).####..# #
#........#
#...####....... ##
#..........####...#
###..... .##
##....#####..>....##
##.)## .†## ##...
###..##..## #(##
#..# . ##..####.##
#.# ##.# .## #@.##
##.####.# #.# #.#
#oo## ##.##..# #.#
#.###.o## ##....###
#.## ##..#..#
#......#
#..#####....)#
##.).#..
#...........#
##.#####
##......o...## #..#
# ##.......##o..#
#..# #
#...##...###..# #.##
##


You could see an orc warrior, an orc priest and 3 orcs.

Vanquished Creatures
  Sigmund (D:2)
  3 ogres (D:4)
  A scorpion (D:4)
  A gnoll (D:1)
  4 adders
  2 worms
  2 dart slugs
  19 orcs
  2 giant cockroaches
  5 goblins
  4 hobgoblins
  7 jackals (D:4)
  3 quokkas (D:2)
  6 ball pythons
  4 bats
  5 frilled lizards
  5 kobolds
  10 rats
84 creatures vanquished.

Notes
Turn   | Place    | Note
-------+----------+-------------------------------------------
     0 | D:1      | Hylith the Minotaur Berserker began the quest for the Orb.
     0 | D:1      | Reached XP level 1. HP: 19/19 MP: 0/0
   240 | D:1      | Reached skill level 4 in Maces & Flails
   240 | D:1      | Reached XP level 2. HP: 27/27 MP: 1/1
   364 | D:1      | Reached XP level 3. HP: 29/33 MP: 2/2
   636 | D:1      | Reached ** piety under Trog
  1095 | D:2      | Noticed Sigmund
  1097 | D:2      | Reached skill level 5 in Maces & Flails
  1097 | D:2      | Reached XP level 4. HP: 40/40 MP: 3/3
  1111 | D:2      | Killed Sigmund
  1111 | D:2      | Reached skill level 5 in Fighting
  1111 | D:2      | Reached skill level 6 in Maces & Flails
  1111 | D:2      | Reached XP level 5. HP: 5/48 MP: 4/4
  1492 | D:2      | Found a hazy altar of Hepliaklqana.
  1492 | D:2      | Found a basalt altar of Yredelemnul.
  2355 | D:3      | Reached XP level 6. HP: 56/56 MP: 5/5
  2549 | D:4      | Reached skill level 1 in Polearms
  2801 | D:4      | Found a sand-covered staircase.
  2876 | D:4      | Reached XP level 7. HP: 60/61 MP: 6/6
  2888 | D:4      | Reached *** piety under Trog
  3330 | D:4      | Mangled by an orc warrior

Skill      XL: |  1  2  3  4  5  6  7 |
---------------+----------------------+-----
Maces & Flails | 4 5 6 |  6.1
Fighting       | 4 5 |  5.5
Armour         | 3 4 |  4.1
Dodging        | 3 4 |  4.3
Polearms       | 3 |  3.6

Action                   |  1- 3 |  4- 6 |  7- 9 || total
-------------------------+-------+-------+-------++-------
Melee: Mace              |    73 |     8 |       ||    81
       Headbutt          |     7 |    11 |     5 ||    23
       Scythe            |       |    69 |    41 ||   110
 Stab: Sleeping          |     1 |     1 |       ||     2
  Eat: Bread ration      |       |     1 |     1 ||     2
       Chunk             |       |     1 |       ||     1
Armor: Animal skin       |    10 |       |       ||    10
       Leather armour    |     6 |    22 |    14 ||    42
Dodge: Dodged            |    48 |    54 |    51 ||   153
